[Event "SR 2. liga A 2006/2007"]
[Site "?"]
[Date "2007.04.01"]
[Round "11"]
[White "Penter, Erik"]
[Black "Eged, Igor"]
[Result "1-0"]
[ECO "C42"]
[WhiteElo "2396"]
[BlackElo "2099"]
[PlyCount "73"]
[EventDate "2006.??.??"]
[TimeControl "40/300+5:40/300:40/300"]

1. e4 e5 2. Nf3 Nf6 3. Nxe5 d6 4. Nf3 Nxe4 5. Nc3 Nxc3 6. dxc3 Be7 7. Bf4 Be6
8. Nd4 Bd7 9. Bd3 O-O 10. Qd2 Nc6 11. Nf5 Bxf5 12. Bxf5 Ne5 13. O-O-O Ng6 14.
Be3 c6 15. c4 Qc7 16. f4 Nh4 17. Bh3 f5 18. g3 Ng6 19. Bg2 Rad8 20. h4 Bf6 21.
h5 Ne7 22. h6 g6 23. Bd4 Nc8 24. Rhe1 Qf7 25. Bxf6 Qxf6 26. Bf3 Rfe8 27. g4 Nb6
28. g5 Qf7 29. b3 Nc8 30. Qd4 Re7 31. Rxe7 Qxe7 32. c5 Rd7 33. Kb2 d5 34. c4 b6
35. cxd5 bxc5 36. Qc3 Nb6 37. d6 1-0

[Event "SR 2. liga A 2006/2007"]
[Site "?"]
[Date "2007.04.01"]
[Round "11"]
[White "Prielozny, Marek"]
[Black "Macka, Oto"]
[Result "1-0"]
[ECO "A57"]
[WhiteElo "1963"]
[BlackElo "1974"]
[PlyCount "73"]
[EventDate "2006.??.??"]
[TimeControl "40/300+5:40/300:40/300"]

1. d4 Nf6 2. Nf3 c5 3. d5 b5 4. c4 Bb7 5. Nbd2 bxc4 6. e4 e6 7. dxe6 fxe6 8. e5
Ne4 9. Nxc4 Be7 10. Bd3 O-O 11. Qe2 Ng5 12. Nxg5 Bxg5 13. Qh5 Bh6 14. Bxh6 gxh6
15. Qxh6 Qe7 16. O-O-O Bd5 17. Ne3 c4 18. Bc2 c3 19. Rxd5 exd5 20. Nxd5 Qg7 21.
Qh5 h6 22. Nf6+ Kh8 23. Rd1 Rf7 24. Ne8 cxb2+ 25. Kb1 Qxe5 26. Qxh6+ Kg8 27.
Nd6 Rg7 28. Bb3+ Kf8 29. Qh8+ Ke7 30. Qxg7+ Qxg7 31. Nf5+ Kf6 32. Nxg7 Kxg7 33.
Kxb2 a5 34. Ba4 Ra6 35. Rd5 Nc6 36. Bxc6 dxc6 37. Re5 1-0

[Event "SR 2. liga A 2007/2008"]
[Site "?"]
[Date "2007.11.03"]
[Round "3.1"]
[White "Tibensky, Robert"]
[Black "Abel, Peter"]
[Result "1-0"]
[ECO "E01"]
[WhiteElo "2431"]
[BlackElo "2205"]
[PlyCount "66"]
[EventDate "2007.??.??"]
[TimeControl "240+2"]

{74MB, Hiarcs10.ctg} 1. d4 Nf6 2. Nf3 d5 3. c4 e6 4. g3 Nbd7 5. Bg2 c6 6. O-O
Bd6 7. b3 O-O 8. Bb2 Qc7 9. Nc3 Rd8 10. Qc2 b6 11. Nd2 Bb7 12. e4 dxe4 13.
Ndxe4 Bb4 14. a3 Bxc3 15. Nxc3 Nf8 16. Rfe1 Rd7 17. Nd1 Rc8 18. Ne3 Qd8 19. Bh3
Rcc7 20. Rad1 Rd6 21. a4 N8d7 22. Bg2 Nf8 23. Bc3 Rdd7 24. Bh3 Ng6 25. f4 Re7
26. Rf1 Re8 27. f5 exf5 28. Nxf5 Ne4 29. Bb2 Bc8 30. Bg2 Bxf5 31. Rxf5 Nd6 32.
Rf2 Qg5 33. Ba3 Nf5 1-0

[Event "SR 2. liga A 2007/2008"]
[Site "?"]
[Date "2007.11.03"]
[Round "3.2"]
[White "Mihalik, Marek"]
[Black "Maslik, Miroslav"]
[Result "0-1"]
[ECO "D86"]
[WhiteElo "2111"]
[BlackElo "2298"]
[PlyCount "156"]
[EventDate "2007.??.??"]
[TimeControl "240+2"]

{74MB, Hiarcs10.ctg} 1. d4 Nf6 2. c4 g6 3. Nc3 d5 4. cxd5 Nxd5 5. e4 Nxc3 6.
bxc3 Bg7 7. Be3 c5 8. Bc4 Nc6 9. Ne2 cxd4 10. cxd4 Qa5+ 11. Qd2 Qxd2+ 12. Kxd2
O-O 13. Rhd1 Na5 14. Bb5 f5 15. e5 Be6 16. Bg5 Bc4 17. Nc3 Kf7 18. Be3 Rac8 19.
Rac1 Rfd8 20. f4 g5 21. g3 gxf4 22. gxf4 Bh6 23. Ke1 a6 24. Bxc4+ Rxc4 25. Ne2
e6 26. Kf2 Bf8 27. d5 Rxd5 28. Rxd5 exd5 29. Rd1 Nc6 30. Rxd5 Ke6 31. Rd2 b5
32. Rd1 a5 33. Rc1 Rxc1 34. Bxc1 Kd5 35. Ng3 Ke6 36. Ne2 b4 37. Ke3 Kd5 38. Kd3
Bh6 39. Be3 a4 40. Ng3 Nxe5+ 41. Kc2 Ng6 42. Nxf5 Bxf4 43. Bg1 Ne5 44. h4 Nc4
45. Ne7+ Kd6 46. Nc8+ Kd5 47. Ne7+ Ke4 48. Bc5 Bd6 49. Bxd6 Nxd6 50. Nc6 Nf5
51. Nxb4 Nxh4 52. Nd3 Kd4 53. Nb2 a3 54. Nd1 Ng2 55. Kb3 Ne3 56. Nf2 Nc4 57.
Nh3 h5 58. Kb4 h4 59. Kb3 Kd3 60. Ng5 Nd6 61. Kxa3 Ne4 62. Nh3 Ke3 63. Kb4 Nf2
64. Ng1 Nd3+ 65. Kb5 Nb2 66. Kb4 Kf2 67. Nh3+ Kg3 68. Ng5 Kg4 69. Ne4 Kf4 70.
Nf2 Kf3 71. Nh3 Nd3+ 72. Kc3 Nf2 73. a4 Nxh3 74. a5 Nf4 75. Kd4 Ne6+ 76. Kd5 h3
77. Kxe6 h2 78. a6 h1=Q 0-1

[Event "SR 2. liga A 2007/2008"]
[Site "?"]
[Date "2007.11.03"]
[Round "3.3"]
[White "Hartl, Jan"]
[Black "Matulik, Daniel"]
[Result "1/2-1/2"]
[ECO "B14"]
[WhiteElo "2186"]
[BlackElo "2163"]
[PlyCount "37"]
[EventDate "2007.??.??"]
[TimeControl "240+2"]

{74MB, Hiarcs10.ctg} 1. e4 c6 2. d4 d5 3. exd5 cxd5 4. c4 Nf6 5. Nc3 Nc6 6. Nf3
e6 7. Bd3 Be7 8. O-O O-O 9. Re1 dxc4 10. Bxc4 Na5 11. Bd3 b6 12. Ne5 Bb7 13.
Be3 Rc8 14. Rc1 Nc6 15. a3 g6 16. Bb1 Nxe5 17. dxe5 Qxd1 18. Rexd1 Nd5 19. Nxd5
1/2-1/2

[Event "SR 2. liga A 2007/2008"]
[Site "?"]
[Date "2007.11.03"]
[Round "3.4"]
[White "Blatnicky, Miroslav"]
[Black "Janos, Ivan"]
[Result "1-0"]
[ECO "B48"]
[WhiteElo "2135"]
[BlackElo "2120"]
[PlyCount "87"]
[EventDate "2007.??.??"]
[TimeControl "240+2"]

{74MB, Hiarcs10.ctg} 1. e4 c5 2. Nf3 e6 3. d4 cxd4 4. Nxd4 Nc6 5. Nc3 Qc7 6.
Be3 a6 7. f4 b5 8. Nxc6 Qxc6 9. Bd3 Bb7 10. Qe2 b4 11. Nd1 Nf6 12. e5 Ne4 13.
Qf3 Rc8 14. O-O g6 15. Rc1 d5 16. exd6 Bxd6 17. c3 Qd5 18. Bxe4 Qxe4 19. Qxe4
Bxe4 20. Nf2 Bd5 21. cxb4 Kd7 22. a3 Bc4 23. Rfd1 Bb3 24. Rd3 Rxc1+ 25. Bxc1
Rc8 26. Rc3 Bc2 27. Be3 e5 28. Bc5 Bf5 29. g4 Bb1 30. Rc1 Bxc5 31. bxc5 Ba2 32.
fxe5 Ke6 33. Nd3 Bd5 34. b4 Be4 35. Rd1 Bf3 36. Rf1 Bxg4 37. Rf6+ Kd5 38. Rxa6
Bf5 39. Rd6+ Kc4 40. Ne1 Ra8 41. Rf6 Rxa3 42. Rxf7 Kxb4 43. Rxf5 Kxc5 44. Rf3
1-0

[Event "SR 2. liga A 2007/2008"]
[Site "?"]
[Date "2007.11.03"]
[Round "3.5"]
[White "Syrovy, Ivan"]
[Black "Pusec, Pavel"]
[Result "1-0"]
[ECO "B09"]
[WhiteElo "2097"]
[BlackElo "2105"]
[PlyCount "91"]
[EventDate "2007.??.??"]
[TimeControl "240+2"]

{74MB, Hiarcs10.ctg} 1. e4 d6 2. d4 Nf6 3. Nc3 g6 4. f4 Bg7 5. Nf3 O-O 6. Bd3
Nc6 7. O-O Bg4 8. Be3 e5 9. fxe5 dxe5 10. d5 Nd4 11. Be2 Nxe2+ 12. Qxe2 Nd7 13.
h3 Bxf3 14. Rxf3 f5 15. Rd1 f4 16. Bf2 a6 17. Qc4 Kh8 18. a4 Bf6 19. d6 c6 20.
b4 Bh4 21. Bxh4 Qxh4 22. b5 axb5 23. axb5 Qd8 24. Kh2 Rc8 25. Qb3 Rf6 26. bxc6
bxc6 27. Na4 g5 28. c4 h5 29. c5 Rb8 30. Qc3 g4 31. Rff1 Rb5 32. Rc1 Qg8 33.
Rb1 Rxb1 34. Rxb1 f3 35. Nb6 g3+ 36. Kg1 Qa2 37. Qb2 Qxb2 38. Rxb2 f2+ 39. Kf1
Nxc5 40. Nc4 Nxe4 41. d7 Rf8 42. Nxe5 Ra8 43. d8=Q+ Rxd8 44. Nf7+ Kg7 45. Nxd8
c5 46. Re2 1-0

[Event "SR 2. liga A 2007/2008"]
[Site "?"]
[Date "2007.11.03"]
[Round "3.6"]
[White "Pobjecky, Ivan"]
[Black "Beles, Milan"]
[Result "0-1"]
[ECO "B56"]
[WhiteElo "2040"]
[BlackElo "2105"]
[PlyCount "86"]
[EventDate "2007.??.??"]
[TimeControl "240+2"]

{74MB, Hiarcs10.ctg} 1. e4 c5 2. Nf3 d6 3. d4 cxd4 4. Nxd4 Nf6 5. Nc3 e5 6. Nb3
Be6 7. Bg5 Be7 8. Be2 O-O 9. O-O Nxe4 10. Bxe7 Nxc3 11. Bxd8 Nxd1 12. Be7 Nxb2
13. Bxd6 Re8 14. Nc5 Bc4 15. Bxc4 Nxc4 16. Nxb7 Nc6 17. Rfd1 Re6 18. c3 a6 19.
Rab1 f6 20. Bb4 a5 21. Bc5 Rb8 22. Rd7 e4 23. Rbd1 N4e5 24. Nd8 $11 Nxd7 25.
Nxe6 Nxc5 26. Nxc5 Rb2 27. a4 f5 28. Rc1 Ne5 29. Kf1 Ng4 30. h3 Nxf2 31. c4 Nd3
32. Nxd3 exd3 33. Rd1 Rc2 34. Rxd3 Rxc4 35. Ra3 Kf7 36. Kf2 Kf6 37. Kf3 g5 38.
g3 h6 39. Ke3 Ke5 40. Kf3 Rb4 41. Ke3 Rc4 42. Kf3 Kd4 43. Ke2 Rc3 0-1

[Event "SR 2. liga A 2007/2008"]
[Site "?"]
[Date "2007.11.03"]
[Round "3.7"]
[White "Zacik, Anton"]
[Black "Furjel, Andrej"]
[Result "1-0"]
[ECO "B80"]
[WhiteElo "2088"]
[BlackElo "2033"]
[PlyCount "67"]
[EventDate "2007.??.??"]
[TimeControl "240+2"]

{74MB, Hiarcs10.ctg} 1. e4 c5 2. Nf3 d6 3. d4 cxd4 4. Nxd4 Nf6 5. Nc3 a6 6. Be3
e6 7. f3 Nc6 8. Qd2 Qc7 9. g4 Be7 10. O-O-O Ne5 11. h4 Nc4 12. Bxc4 Qxc4 13.
Kb1 Rb8 14. Nb3 b5 15. Qh2 Qc7 16. Bg5 b4 17. Ne2 a5 18. Bxf6 gxf6 19. f4 Bb7
20. Ng3 a4 21. Nc1 a3 22. Qd2 d5 23. Rhe1 axb2 24. Kxb2 Rc8 25. g5 Qa5 26. e5
Qa3+ 27. Kb1 Qxg3 28. Ne2 Qa3 29. exf6 Ra8 30. Nc1 Bd6 31. Qe2 Ba6 32. Qh5 Bc4
33. Rxe6+ Kf8 34. Qh6+ 1-0

[Event "SR 2. liga A 2007/2008"]
[Site "?"]
[Date "2007.11.03"]
[Round "3.8"]
[White "Bincik, Pavol"]
[Black "Srna, Jan"]
[Result "1/2-1/2"]
[ECO "A90"]
[WhiteElo "1889"]
[BlackElo "2022"]
[PlyCount "35"]
[EventDate "2007.??.??"]
[TimeControl "240+2"]

{74MB, Hiarcs10.ctg} 1. d4 e6 2. c4 f5 3. g3 d5 4. Bg2 c6 5. cxd5 exd5 6. Nf3
Nf6 7. O-O Nbd7 8. Nc3 Ne4 9. Nh4 Ndf6 10. f3 Nd6 11. e4 fxe4 12. fxe4 dxe4 13.
Bxe4 Bg4 14. Bf3 Qd7 15. d5 c5 16. Bg5 Bxf3 17. Qxf3 Be7 18. Qe3 1/2-1/2

[Event "SR 2. liga A 2007/2008"]
[Site "?"]
[Date "2007.11.04"]
[Round "4.1"]
[White "Vass, Frantisek"]
[Black "Tibensky, Robert"]
[Result "1/2-1/2"]
[ECO "A35"]
[WhiteElo "2417"]
[BlackElo "2431"]
[PlyCount "25"]
[EventDate "2007.??.??"]
[TimeControl "240+2"]

{74MB, Hiarcs10.ctg} 1. d4 c5 2. e3 Nf6 3. c4 g6 4. Nf3 Bg7 5. Nc3 O-O 6. Be2
cxd4 7. exd4 d5 8. cxd5 Nxd5 9. O-O Nc6 10. h3 b6 11. Qb3 Be6 12. Qa4 Na5 13.
Rd1 1/2-1/2

[Event "SR 2. liga A 2007/2008"]
[Site "?"]
[Date "2007.11.04"]
[Round "4.2"]
[White "Maslik, Miroslav"]
[Black "Balogh, Tomas"]
[Result "1/2-1/2"]
[ECO "C42"]
[WhiteElo "2298"]
[BlackElo "2362"]
[PlyCount "39"]
[EventDate "2007.??.??"]
[TimeControl "240+2"]

{74MB, Hiarcs10.ctg} 1. e4 e5 2. Nf3 Nf6 3. Nxe5 d6 4. Nf3 Nxe4 5. d4 d5 6. Bd3
Be7 7. O-O Nc6 8. c4 Bg4 9. cxd5 Qxd5 10. Nc3 Nxc3 11. bxc3 Bxf3 12. Qxf3 Qxf3
13. gxf3 O-O 14. Rb1 Rab8 15. Re1 Bd6 16. Bg5 h6 17. Be3 b6 18. Kg2 Ne7 19. c4
Ng6 20. Bxg6 1/2-1/2

[Event "SR 2. liga A 2007/2008"]
[Site "?"]
[Date "2007.11.04"]
[Round "4.3"]
[White "Farkas, Gabor"]
[Black "Janos, Ivan"]
[Result "1-0"]
[ECO "B40"]
[WhiteElo "2333"]
[BlackElo "2120"]
[PlyCount "75"]
[EventDate "2007.??.??"]
[TimeControl "240+2"]

{74MB, Hiarcs10.ctg} 1. e4 c5 2. Nf3 e6 3. b4 d6 4. Bb2 Qb6 5. b5 a6 6. Na3
axb5 7. Bxb5+ Bd7 8. Qe2 Bxb5 9. Qxb5+ Nd7 10. O-O Ra5 11. Qb3 Qa6 12. c4 Ngf6
13. Nb5 Qb6 14. e5 dxe5 15. Nxe5 Bd6 16. Nxd7 Kxd7 17. Bc3 Ra6 18. Rab1 Rha8
19. Bxf6 gxf6 20. Qf3 Be5 21. d4 cxd4 22. Nxd4 Bxd4 23. Rxb6 Rxb6 24. Qd3 e5
25. a3 Ke7 26. Qxh7 Rb2 27. h4 Rxa3 28. h5 Raa2 29. Qe4 Bxf2+ 30. Kh1 Bd4 31.
h6 Rxg2 32. Qxb7+ Kf8 33. Qxg2 Rxg2 34. Kxg2 Kg8 35. Rxf6 Kh7 36. Kf1 e4 37.
Rxf7+ Kxh6 38. Rf4 1-0

[Event "SR 2. liga A 2007/2008"]
[Site "?"]
[Date "2007.11.04"]
[Round "4.4"]
[White "Syrovy, Ivan"]
[Black "Horvath, Mario"]
[Result "0-1"]
[ECO "B79"]
[WhiteElo "2083"]
[BlackElo "2283"]
[PlyCount "90"]
[EventDate "2007.??.??"]
[TimeControl "240+2"]

{74MB, Hiarcs10.ctg} 1. e4 c5 2. Nf3 d6 3. d4 cxd4 4. Nxd4 Nf6 5. Nc3 g6 6. Be3
Bg7 7. f3 O-O 8. Qd2 Nc6 9. Bc4 Bd7 10. O-O-O Qa5 11. g4 Rfc8 12. Bb3 Ne5 13.
Kb1 b5 14. h4 Nc4 15. Bxc4 bxc4 16. h5 Rab8 17. Ka1 Rb6 18. hxg6 fxg6 19. g5
Qb4 20. Rb1 Nh5 21. Rhd1 Ra6 22. Nde2 Be6 23. Bd4 Bxd4 24. Qxd4 Rc5 25. Qe3
Rca5 26. Nc1 Qb6 27. Qxb6 axb6 28. Rg1 Nf4 29. a3 Nh3 30. Rf1 Rxg5 31. N1a2 Nf4
32. Nb4 Ra8 33. Nc6 Kf7 34. Rbe1 h5 35. Ne2 Nxe2 36. Rxe2 Rg3 37. c3 Rf8 38. f4
Bg4 39. Ree1 Rf3 40. e5 Rxf1 41. Rxf1 Ke6 42. exd6 exd6 43. Nd4+ Kd5 44. Kb1
Rf6 45. Kc1 Ke4 0-1

[Event "SR 2. liga A 2007/2008"]
[Site "?"]
[Date "2007.11.04"]
[Round "4.5"]
[White "Janko, Ladislav"]
[Black "Beles, Milan"]
[Result "1-0"]
[ECO "B50"]
[WhiteElo "2195"]
[BlackElo "2105"]
[PlyCount "113"]
[EventDate "2007.??.??"]
[TimeControl "240+2"]

{74MB, Hiarcs10.ctg} 1. e4 c5 2. Nf3 d6 3. c3 Nf6 4. h3 Nc6 5. Bd3 g6 6. Bc2
Bg7 7. d3 O-O 8. Nbd2 d5 9. O-O dxe4 10. dxe4 b6 11. Qe2 Qc7 12. Re1 Nh5 13.
Nf1 Ne5 14. g4 Nxf3+ 15. Qxf3 Nf6 16. Bf4 Qc6 17. Rad1 Be6 18. Ne3 Rad8 19. Bg5
Rfe8 20. Qg2 b5 21. f4 Bxa2 22. Ra1 Bc4 23. Nxc4 bxc4 24. Ba4 Qb6 25. Bxe8 Rxe8
26. e5 Nd7 27. Qd5 Nf8 28. Re2 Ne6 29. Qxc4 h6 30. Bh4 g5 31. fxg5 hxg5 32. Bg3
Qb7 33. Rf1 Qd7 34. Qe4 Rd8 35. Ref2 Rf8 36. h4 gxh4 37. Bxh4 Nc7 38. Bg5 Ne6
39. Be3 f6 40. exf6 Rxf6 41. g5 Rxf2 42. Rxf2 Qd6 43. Qf3 Nd8 44. Rd2 Qc7 45.
Bf4 Qb6 46. Qd5+ Nf7 47. Be3 Qc7 48. Rg2 Qd6 49. c4 Qg6 50. Qa8+ Kh7 51. Rh2+
Bh6 52. Qg2 Qb1+ 53. Kf2 Qxb2+ 54. Kf3 Ne5+ 55. Kg3 Qxg2+ 56. Kxg2 Ng4 57.
Rxh6+ 1-0

[Event "SR 2. liga A 2007/2008"]
[Site "?"]
[Date "2007.11.04"]
[Round "4.6"]
[White "Michal, Silvio"]
[Black "Nagy, Tomas"]
[Result "0-1"]
[ECO "A31"]
[WhiteElo "2083"]
[BlackElo "2183"]
[PlyCount "74"]
[EventDate "2007.??.??"]
[TimeControl "240+2"]

{74MB, Hiarcs10.ctg} 1. Nf3 c5 2. g3 Nc6 3. Bg2 Nf6 4. c4 d6 5. Nc3 g6 6. d4
cxd4 7. Nxd4 Bd7 8. Bg5 Bg7 9. Nc2 O-O 10. Qd2 Qc8 11. Rc1 Bh3 12. O-O Bxg2 13.
Kxg2 Qg4 14. b3 Ne4 15. Nxe4 Qxe4+ 16. f3 Qe6 17. e4 a5 18. a4 Rfc8 19. Rfe1
Qe5 20. Rcd1 Qb2 21. Rb1 Qa2 22. Red1 h6 23. Be3 Kh7 24. Qc1 b5 25. axb5 a4 26.
b4 Ne5 27. c5 Nc4 28. Kh1 Nxe3 29. Nxe3 Qe2 30. b6 Rab8 31. Rf1 Rxb6 32. Nd5
Ra6 33. Nxe7 Re8 34. cxd6 Rxd6 35. Nd5 Rxe4 36. fxe4 Qxe4+ 37. Kg1 Bd4+ 0-1

[Event "SR 2. liga A 2007/2008"]
[Site "?"]
[Date "2007.11.04"]
[Round "4.7"]
[White "Nagy, Attilla"]
[Black "Zacik, Anton"]
[Result "1-0"]
[ECO "B13"]
[WhiteElo "2088"]
[BlackElo "2184"]
[PlyCount "83"]
[EventDate "2007.??.??"]
[TimeControl "240+2"]

{74MB, Hiarcs10.ctg} 1. d4 Nf6 2. Nf3 g6 3. Bf4 Bg7 4. e3 O-O 5. Bd3 c5 6. c3
cxd4 7. exd4 d5 8. h3 Nc6 9. O-O Re8 10. Nbd2 Nd7 11. Re1 e5 12. dxe5 Ndxe5 13.
Bb5 Bd7 14. Qb3 Na5 15. Qxd5 Bxb5 16. Qxb5 a6 17. Qb4 Bf8 18. Qa4 b5 19. Qc2
Qd3 20. Rec1 Qxc2 21. Rxc2 Nd3 22. Be3 Nc4 23. Nxc4 bxc4 24. Ne1 Rxe3 25. fxe3
Bh6 26. Re2 Re8 27. Kf1 Re6 28. Rd1 Rf6+ 29. Kg1 Nc5 30. Rd4 Re6 31. Rxc4 Ne4
32. Nf3 Ng3 33. Re1 Bxe3+ 34. Kh2 Nh5 35. g3 Bf2 36. Rxe6 Bxg3+ 37. Kg2 fxe6
38. Rc6 Kf7 39. Rxa6 e5 40. Ng5+ Ke7 41. Nxh7 e4 42. Ng5 1-0

[Event "SR 2. liga A 2007/2008"]
[Site "?"]
[Date "2007.11.04"]
[Round "4.8"]
[White "Hajtmanek, Stanislav"]
[Black "Janko, Michal"]
[Result "0-1"]
[ECO "B07"]
[WhiteElo "1778"]
[BlackElo "2143"]
[PlyCount "56"]
[EventDate "2007.??.??"]
[TimeControl "240+2"]

{74MB, Hiarcs10.ctg} 1. d4 d6 2. e4 Nf6 3. Nc3 g6 4. Bc4 Bg7 5. Bf4 O-O 6. Qd2
c6 7. Nge2 b5 8. Bd3 Nbd7 9. e5 dxe5 10. dxe5 Nh5 11. Be4 Nxf4 12. Nxf4 Nxe5
13. Qxd8 Rxd8 14. Nxb5 f5 15. Nc7 Rb8 16. Nce6 Bxe6 17. Nxe6 Rd6 18. Bxc6 Nxc6
19. Nxg7 Kxg7 20. b3 Re6+ 21. Kd2 Rd6+ 22. Ke3 Nb4 23. Rhc1 Nd5+ 24. Ke2 Nc3+
25. Kf1 Rd2 26. a4 Rbd8 27. g3 Ne4 28. c4 Rxf2+ 0-1

[Event "SR 2. liga A 2007/2008"]
[Site "?"]
[Date "2007.12.01"]
[Round "5.1"]
[White "Tibensky, Robert"]
[Black "Rachela, Milan"]
[Result "1-0"]
[ECO "A12"]
[WhiteElo "2431"]
[BlackElo "2312"]
[Annotator ",Kaiko"]
[PlyCount "139"]
[EventDate "2007.??.??"]
[TimeControl "240+2"]

{74MB, Hiarcs10.ctg} 1. Nf3 Nf6 2. g3 d5 3. Bg2 c6 4. b3 Bf5 5. O-O h6 6. Bb2
Nbd7 7. c4 e6 8. d3 Be7 9. Nbd2 O-O 10. Re1 Bh7 11. Qc2 a5 12. a3 Re8 13. e4
Nc5 14. Bf1 Rc8 15. Rad1 b5 16. Bc3 Bf8 17. b4 Na4 18. c5 Nxc3 19. Qxc3 a4 20.
e5 Nd7 21. d4 f6 22. exf6 Qxf6 23. Ne5 Nxe5 24. dxe5 Qf5 25. Nf3 Bg6 26. Nd4
Qh5 27. Be2 Qh3 28. Bf3 Bh5 29. Qe3 Bxf3 30. Qxf3 Be7 31. Qg2 Qxg2+ 32. Kxg2
Kf7 33. f4 Bf8 34. g4 g6 35. Rf1 Bg7 36. Rde1 Rg8 37. Kh1 Ke7 38. f5 gxf5 39.
gxf5 exf5 40. Rxf5 Rgf8 41. Rg1 Bh8 42. Rh5 Rf4 43. Nf5+ Ke6 44. Rg6+ Kf7 45.
Rd6 Re8 46. Nxh6+ Kf8 47. e6 d4 48. Rf5+ Rxf5 49. Nxf5 Be5 50. Nxd4 Bxd4 51.
Rxd4 Rxe6 52. Rd3 Re2 53. Rg3 Kf7 54. Kg1 Ke6 55. h4 Re4 56. h5 Rh4 57. Rg6+
Kd5 58. h6 Kc4 59. Rxc6 Kb3 60. Rf6 Kxa3 61. c6 Kxb4 62. c7 Rg4+ 63. Kf2 Rg8
64. Rd6 Rc8 65. h7 Rf8+ 66. Kg2 a3 67. Rd8 a2 68. Rxf8 a1=Q 69. h8=Q Qa2+ 70.
Kg3 1-0

[Event "SR 2. liga A 2007/2008"]
[Site "?"]
[Date "2007.12.01"]
[Round "5.2"]
[White "Varga, David"]
[Black "Klemanic, Emil"]
[Result "1-0"]
[ECO "C41"]
[WhiteElo "2293"]
[BlackElo "2285"]
[Annotator ",Kaiko"]
[PlyCount "57"]
[EventDate "2007.??.??"]
[TimeControl "240+2"]

{74MB, Hiarcs10.ctg} 1. e4 d6 2. d4 Nf6 3. Nc3 e5 4. Nf3 Nbd7 5. Bc4 Be7 6. Ng5
O-O 7. Bxf7+ Rxf7 8. Ne6 Qe8 9. Nxc7 Qd8 10. Nxa8 b5 11. dxe5 Nxe5 12. Nd5 Nxd5
13. Qxd5 Bh4 14. Be3 Bb7 15. Qxb5 Bxa8 16. O-O-O Bxe4 17. Rd4 Bxg2 18. Rhd1 d5
19. Rxh4 Qxh4 20. Qe8+ Rf8 21. Qxe5 a6 22. Rg1 Qe4 23. Qg5 d4 24. Rxg2 g6 25.
Rg4 Qh1+ 26. Rg1 Qe4 27. Bd2 Rxf2 28. Re1 Re2 29. Qd8+ 1-0

[Event "SR 2. liga A 2007/2008"]
[Site "?"]
[Date "2007.12.01"]
[Round "5.3"]
[White "Hartl, Jan"]
[Black "Petenyi, Tamas"]
[Result "0-1"]
[ECO "B87"]
[WhiteElo "2186"]
[BlackElo "2196"]
[Annotator ",Kaiko"]
[PlyCount "62"]
[EventDate "2007.??.??"]
[TimeControl "240+2"]

{74MB, Hiarcs10.ctg} 1. e4 c5 2. Nf3 d6 3. d4 cxd4 4. Nxd4 Nf6 5. Nc3 a6 6. Bc4
e6 7. Bb3 b5 8. a3 Bb7 9. Qe2 Nc6 10. Nxc6 Bxc6 11. O-O Be7 12. Rd1 Qc7 13. Bf4
O-O 14. Rd2 Rfd8 15. Bg3 Qb7 16. f3 a5 17. a4 bxa4 18. Nxa4 d5 19. e5 Nd7 20.
Bf2 Bxa4 21. Rxa4 Bc5 22. f4 Rdc8 23. Qg4 Bxf2+ 24. Rxf2 Nc5 25. f5 exf5 26.
Qxf5 Nxa4 27. e6 fxe6 28. Qxe6+ Kh8 29. Bxa4 Qxb2 30. Bc6 Qb1+ 31. Rf1 Qb6+ 0-1

[Event "SR 2. liga A 2007/2008"]
[Site "?"]
[Date "2007.12.01"]
[Round "5.4"]
[White "Csiba, Dominik"]
[Black "Janos, Ivan"]
[Result "1-0"]
[ECO "E45"]
[WhiteElo "2111"]
[BlackElo "2120"]
[Annotator ",Kaiko"]
[PlyCount "97"]
[EventDate "2007.??.??"]
[TimeControl "240+2"]

{74MB, Hiarcs10.ctg} 1. d4 Nf6 2. c4 e6 3. Nc3 Bb4 4. e3 b6 5. Nge2 Ba6 6. a3
Bxc3+ 7. Nxc3 d5 8. Qa4+ c6 9. b3 O-O 10. Be2 Bb7 11. Bf3 a6 12. Ne2 a5 13. Bd2
Ba6 14. Rc1 Qd7 15. b4 Bxc4 16. bxa5 bxa5 17. Rxc4 dxc4 18. Qxc4 Qd6 19. a4
Nbd7 20. Qxc6 Qa3 21. O-O e5 22. Rc1 Qd3 23. Be1 e4 24. Nf4 Qa3 25. Be2 Nb6 26.
Rc3 Qa1 27. Rc1 Qb2 28. Rc2 Qb1 29. Rc1 Qb3 30. Qb5 Qa3 31. Rb1 Nxa4 32. Rb3
Qa2 33. g4 h6 34. h4 Rac8 35. Kg2 Qa1 36. Rb1 Qa3 37. g5 hxg5 38. hxg5 Nh7 39.
g6 Nf6 40. Bc4 Nc3 41. Bxc3 Qxc3 42. gxf7+ Rxf7 43. Bxf7+ Kxf7 44. Qf5 Qc6 45.
d5 Qe8 46. Rb7+ Kg8 47. Qg5 Nd7 48. Qg4 Rd8 49. Ne6 1-0

[Event "SR 2. liga A 2007/2008"]
[Site "?"]
[Date "2007.12.01"]
[Round "5.5"]
[White "Syrovy, Ivan"]
[Black "Lesny, Stefan"]
[Result "1/2-1/2"]
[ECO "C71"]
[WhiteElo "2097"]
[BlackElo "2114"]
[Annotator ",Kaiko"]
[PlyCount "72"]
[EventDate "2007.??.??"]
[TimeControl "240+2"]

{74MB, Hiarcs10.ctg} 1. e4 e5 2. Nf3 Nc6 3. Bb5 a6 4. Ba4 d6 5. d4 Bd7 6. d5
Nb8 7. Bxd7+ Nxd7 8. c4 Ngf6 9. Nc3 Be7 10. O-O O-O 11. a3 Qc8 12. Ng5 h6 13.
Nh3 Nc5 14. Qc2 Nh7 15. b4 Nd7 16. Be3 Ng5 17. Nxg5 Bxg5 18. Bxg5 hxg5 19. Na4
Qd8 20. c5 Nf6 21. Rac1 Rc8 22. Qd3 Qe7 23. Rfe1 Rfe8 24. c6 b5 25. Nc3 Rb8 26.
Rb1 Rb6 27. Rb2 Reb8 28. Ra1 g4 29. a4 bxa4 30. Rxa4 Nh5 31. g3 Qg5 32. Rb1 Nf6
33. Qc4 Qd2 34. Rd1 Qc2 35. Re1 Qd2 36. Rd1 Qc2 1/2-1/2

[Event "SR 2. liga A 2007/2008"]
[Site "?"]
[Date "2007.12.01"]
[Round "5.6"]
[White "Obdrzalkova, Anita"]
[Black "Beles, Milan"]
[Result "1-0"]
[ECO "D85"]
[WhiteElo "2064"]
[BlackElo "2105"]
[Annotator ",Kaiko"]
[PlyCount "127"]
[EventDate "2007.??.??"]
[TimeControl "240+2"]

{74MB, Hiarcs10.ctg} 1. d4 Nf6 2. Nf3 g6 3. c4 Bg7 4. Nc3 d5 5. cxd5 Nxd5 6. e4
Nxc3 7. bxc3 O-O 8. Be3 c5 9. Qd2 Qa5 10. Rc1 Bg4 11. Be2 Rd8 12. d5 Nc6 13.
Qb2 Bxf3 14. Bxf3 Nd4 15. Bd1 Nb5 16. Bd2 Nd6 17. Qc2 c4 18. O-O b5 19. Bg5 Kf8
20. Re1 Nb7 21. Bf3 Nc5 22. d6 exd6 23. Bxd8 Rxd8 24. Be2 Na4 25. f4 Bxc3 26.
Rf1 Bg7 27. f5 Be5 28. fxg6 hxg6 29. Bg4 Kg7 30. Rf3 Qb6+ 31. Kh1 Re8 32. Rcf1
Re7 33. Qd2 c3 34. Qg5 Qc7 35. Rh3 Kg8 36. Qh6 c2 37. Bh5 Bg7 38. Qg5 gxh5 39.
Rg3 f5 40. exf5 h4 41. Rg4 Rf7 42. f6 c1=Q 43. Rxc1 Rxf6 44. Qd5+ Qf7 45. Rc8+
Kh7 46. Qd3+ Rg6 47. Rxh4+ Bh6 48. Rg4 Qe6 49. Rc7+ Bg7 50. Qxg6+ Qxg6 51. Rxg6
Kxg6 52. Rxa7 Nc3 53. Ra6 Be5 54. h3 Kf5 55. Kg1 Ke4 56. Kf1 d5 57. Ke1 Kd3 58.
g4 Bg3+ 59. Kf1 Ke3 60. g5 d4 61. Re6+ Ne4 62. g6 d3 63. Rxe4+ Kxe4 64. g7 1-0

[Event "SR 2. liga A 2007/2008"]
[Site "?"]
[Date "2007.12.01"]
[Round "5.7"]
[White "Michal, Silvio"]
[Black "Peitl, Tomas"]
[Result "1-0"]
[ECO "D02"]
[WhiteElo "2083"]
[BlackElo "2031"]
[Annotator ",Kaiko"]
[PlyCount "61"]
[EventDate "2007.??.??"]
[TimeControl "240+2"]

{74MB, Hiarcs10.ctg} 1. Nf3 d5 2. g3 c5 3. Bg2 Nf6 4. O-O e6 5. d4 Nc6 6. b3
cxd4 7. Nxd4 Bc5 8. Bb2 O-O 9. Nxc6 bxc6 10. Nd2 Ba6 11. c4 Rb8 12. Rc1 Qa5 13.
Qc2 Rfc8 14. a3 Be7 15. b4 Qb6 16. c5 Qc7 17. Nb3 Nd7 18. f4 e5 19. fxe5 Nxe5
20. Rf5 Nc4 21. Bd4 Rf8 22. Qc3 f6 23. Rxd5 Nxa3 24. Rh5 Bxe2 25. Rh4 Bb5 26.
Nd2 Rbd8 27. Qxa3 g5 28. Qb3+ Kg7 29. Rg4 Kg6 30. Qe6 h5 31. Be4+ 1-0

[Event "SR 2. liga A 2007/2008"]
[Site "?"]
[Date "2007.12.01"]
[Round "5.8"]
[White "Kolesar, Rastislav"]
[Black "Srna, Jan"]
[Result "1/2-1/2"]
[ECO "C02"]
[WhiteElo "1922"]
[BlackElo "2017"]
[Annotator ",Kaiko"]
[PlyCount "133"]
[EventDate "2007.??.??"]
[TimeControl "240+2"]

{74MB, Hiarcs10.ctg} 1. e4 e6 2. d4 d5 3. e5 c5 4. c3 Qb6 5. Nf3 Nc6 6. a3 cxd4
7. cxd4 Nge7 8. b4 Nf5 9. Bb2 a6 10. Be2 Bd7 11. g4 Nfe7 12. Qd2 h5 13. g5 h4
14. Nc3 Na7 15. O-O Nf5 16. Rfd1 Qd8 17. Bd3 g6 18. Be2 Be7 19. Bc1 Rc8 20. h3
Rc7 21. Nh2 Nb5 22. Nxb5 Bxb5 23. Bxb5+ axb5 24. f4 Rc4 25. Bb2 Rh5 26. Ng4 Ng3
27. Nf2 Qa8 28. Rdc1 Qa4 29. Rc3 Kd7 30. Kg2 Rh8 31. Rac1 Rhc8 32. Qc2 Qxc2 33.
R1xc2 Rxc3 34. Rxc3 Rxc3 35. Bxc3 Ne2 36. Bd2 Nxd4 37. Ng4 Nc2 38. Bc1 d4 39.
Nf6+ Kc6 40. Kf3 Bxf6 41. exf6 Kd5 42. Bd2 Nxa3 43. Be1 e5 44. f5 Kd6 45. fxg6
fxg6 46. Bxh4 Ke6 47. Bg3 Nc4 48. Ke4 Nd6+ 49. Kd3 Nf7 50. h4 Kf5 51. Be1 Nd8
52. Bg3 Ke6 53. Be1 Nf7 54. Bd2 Nd6 55. Be1 b6 56. Bd2 Nc4 57. Be1 Nb2+ 58. Kc2
Nc4 59. Kd3 Nd6 60. Bd2 Nf5 61. Be1 Nd6 62. Bd2 Kf5 63. Be1 Ke6 64. Bd2 Nc4 65.
Be1 Ne3 66. Bf2 Nd5 67. Be1 1/2-1/2